 Dungeon Crawl Stone Soup version 0.29.1-13-g9f3cf754e1 (webtiles) character file.

Game seed: 10555441191010058539

142 bjubeck the Covered (level 5, -3/46 (47) HPs)
             Began as a Minotaur Fighter on Feb 3, 2023.
             Was an Initiate of Okawaru.
             Slain by an ogre
             ... wielding a +0 giant club
              (26 damage)
             ... on level 4 of the Dungeon.
             The game lasted 00:05:50 (3008 turns).

bjubeck the Covered (Minotaur Fighter)              Turns: 3008, Time: 00:05:51

HP:   -3/46 (47)    AC:  7    Str: 23    XL:     5   Next: 3%
MP:   4/4           EV:  9    Int:  5    God:    Okawaru [......]
Gold: 228           SH:  4    Dex:  9    Spells: 4/4 levels left

rFire   . . .      SeeInvis .   a - +0 war axe
rCold   . . .      Faith    .   c - +0 buckler
rNeg    . . .      Spirit   .   b - +0 scale mail
rPois   .          Reflect  .   (helmet restricted)
rElec   .          Harm     .   g - scarf {+Inv}
rCorr   .          Rampage  .   (no gloves)
Will    .....                   (no boots)
Stlth   ..........              (no amulet)
HPRegen 0.15/turn               (no ring)
MPRegen 0.09/turn               (no ring)

@: lightly drained
A: horns 2, retaliatory headbutt
a: Renounce Religion, Evoke Invisibility


You were on level 4 of the Dungeon.
You worshipped Okawaru.
Okawaru was noncommittal.
You visited 2 branches of the dungeon, and saw 5 of its levels.

You collected 228 gold pieces.

Inventory:

Hand Weapons
 a - a +0 war axe (weapon)
 q - a +2 flail of draining
Armour
 b - a +0 scale mail (worn)
 c - a +0 buckler (worn)
 g - a scarf of invisibility (worn)
Jewellery
 f - a ring of protection from cold
 m - a +4 ring of slaying
Scrolls
 e - 2 scrolls of poison {unknown}
 h - 2 scrolls of identify {unknown}
 i - 3 scrolls of teleportation {unknown}
 j - a scroll of enchant weapon {unknown}
 p - a scroll of summoning {unknown}
 r - a scroll of vulnerability {unknown}
Potions
 d - a potion of might
 k - 2 potions of brilliance {unknown}
 l - a potion of experience {unknown}
 n - a potion of ambrosia {unknown}
 o - a potion of degeneration {unknown}


   Skills:
 + Level 4.6 Fighting
 + Level 3.7 Axes
 + Level 4.7 Armour
 + Level 4.6 Shields
 + Level 0.0 Invocations


You had 4 spell levels left.
You didn't know any spells.
Your spell library contained the following spells:

 Spells                   Type           Power      Damage    Failure   Level
 Magic Dart               Conj           0%         1d3       86%         1
 Ensorcelled Hibernation  Hex/Ice        0%         N/A       94%         2
 Passwall                 Tmut/Erth      0%         N/A       94%         2
 Searing Ray              Conj           0%         2d4       94%         2
 Portal Projectile        Hex/Tloc       0%         N/A       99%         3
 Swiftness                Air            0%         N/A       99%         3
 Fulminant Prism          Conj/Hex       0%         3d6       100%        4
 Blade Hands              Tmut           0%         N/A       100%        5
 Tukima's Dance           Hex            Unusable   N/A       N/A         3

Dungeon Overview and Level Annotations

Branches:
Dungeon (4/15)             Temple (1/1) D:4

Altars:
Ashenzari
Cheibriados
Dithmenos
Elyvilon
Fedhas
Hepliaklqana
Makhleb
Okawaru
Qazlal
Sif Muna
Trog
Uskayaw
Wu Jian
Xom
Zin

Annotations:
D:3 1 runed translucent door, Crazy Yiuf
D:4 Pikel


Innate Abilities, Weirdness & Mutations

You have a pair of horns on your head.
You reflexively headbutt those who attack you in melee.


Message History

Press < or > to pray at altars.
Found a shimmering blue altar of Sif Muna.
Found a shimmering altar of Xom.
Why would you want to do that?
There is a white marble altar of Elyvilon here.
There is a staircase back to the Dungeon here.
You can't go down here!
Unknown command.
You climb upwards.
Welcome back to the Dungeon!
Level annotation: Pikel
There is a staircase to the Ecumenical Temple here.
A goblin comes into view. It is wielding a +0 dagger of freezing.
The goblin shouts!
The goblin moves out of view.
There is a dry fountain here.
You slash the goblin!
You kill the goblin!
Okawaru accepts your kill.
No target in view!
Things that are here:
a +0 dagger of freezing; a goblin corpse
Found a barding.
You now have 228 gold pieces (gained 5).
Found a stone staircase leading down.
Found a flail.
i - 3 scrolls labelled WOBUOSIYXU (gained 1)
r - a scroll labelled JIROHONLEHYU
Found 8 stones.
An ogre comes into view. It is wielding a +0 giant club.
The ogre shouts!
An ogre is nearby!
You hit the ogre.
The ogre is lightly wounded.
The ogre hits you with a +0 giant club!!
Ouch! That really hurt!
You slash the ogre!
The ogre is heavily wounded.
The ogre hits you with a +0 giant club!!
Ouch! That really hurt!
You die...

#.......................##..
#.........#...........#.....
#........##...........####..
#....)...##............. .
#........###...##........
#........# #...####.........
###......# #...####........#
#......###O.....#........#
##.......@......#........#
#................#.....K..#
#................# #......
#.............#######......
#.........$..?.............
#.(..................######
#..........................
..........................
#........................


You could see an ogre.

Vanquished Creatures
  2 lemures (D:4)
  A scorpion (D:4)
  An adder (D:3)
  2 dart slugs
  2 orcs
  7 bats
  4 endoplasms
  3 giant cockroaches
  4 goblins
  9 hobgoblins
  2 jackals (D:1)
  7 kobolds
  5 ball pythons
  7 frilled lizards
  7 rats
63 creatures vanquished.

Notes
Turn   | Place    | Note
-------+----------+-------------------------------------------
     0 | D:1      | bjubeck the Minotaur Fighter began the quest for the Orb.
     0 | D:1      | Reached XP level 1. HP: 19/19 MP: 0/0
   149 | D:1      | Reached XP level 2. HP: 27/27 MP: 1/1
   464 | D:1      | Found a faded altar of an unknown god.
  1017 | D:2      | Reached XP level 3. HP: 31/33 MP: 2/2
  1125 | D:2      | Found a stormy altar of Qazlal.
  1528 | D:3      | Found a hide-covered altar of Uskayaw.
  1804 | D:3      | Found a glowing silver altar of Zin.
  1850 | D:3      | Reached XP level 4. HP: 34/40 MP: 3/3
  2189 | D:3      | Found a runed translucent door.
  2190 | D:3      | Noticed Crazy Yiuf
  2234 | D:4      | Noticed a scorpion
  2243 | D:4      | Killed a scorpion
  2450 | D:4      | Noticed a lemure
  2472 | D:4      | Killed a lemure
  2563 | D:4      | Noticed a lemure
  2576 | D:4      | Killed a lemure
  2582 | D:4      | Noticed Pikel
  2584 | D:4      | Noticed a lemure
  2792 | D:4      | Reached XP level 5. HP: 47/47 MP: 4/4
  2859 | D:4      | Found a staircase to the Ecumenical Temple.
  2873 | Temple   | Entered the Ecumenical Temple
  2925 | Temple   | Became a worshipper of Warmaster Okawaru
  3005 | D:4      | Noticed an ogre
  3008 | D:4      | Slain by an ogre

Illustrated notes

Levels and vault maps discovered:
D:1:      shiori_arrival_maze, layout_basic, dilly_ecumenical_altar_fadedgnrine
D:2:      layout_basic, basic_altar, kennysheep_nondescript,
          minmay_misc_feat_five
D:3:      kennysheep_big_flooded_room, layout_basic, zin_statuary,
          mainiacjoe_overflow_brackets, nicolae_figureground_sparkle,
          uniq_crazy_yiuf_cottage
D:4:      layout_basic, minmay_temple_entry_large_hall, goddamned_bats,
          uniq_pikel
Temple:   nicolae_temple_hex_pool

Skill      XL: |  1  2  3 |
---------------+----------+-----
Fighting       | 4 |  4.6
Armour         | 4 |  4.7
Shields        | 4 |  4.6
Axes           | 3 |  3.7

Action                   |  1- 3 |  4- 6 || total
-------------------------+-------+-------++-------
Melee: War axe           |    88 |    27 ||   115
       Headbutt          |    10 |     1 ||    11
Armor: Scale mail        |    42 |     6 ||    48
Dodge: Dodged            |    49 |    12 ||    61
Block: Buckler           |    23 |     4 ||    27
